 Dungeon Crawl Stone Soup version 0.22-a0-409-gb855193d78 (webtiles) character file.

66378 Kriby the Severer (level 14, -3/121 HPs)
             Began as a Minotaur Berserker on May 11, 2018.
             Was a High Priest of Trog.
             Succumbed to a spiny frog's poison
             ... on level 1 of the Swamp.
             The game lasted 00:19:10 (18497 turns).

Kriby the Severer (Minotaur Berserker)             Turns: 18497, Time: 00:19:11

Health: -3/121     AC: 22    Str: 26    XL:     14   Next: 79%
Magic:  13/13      EV:  9    Int:  4    God:    Trog [*****.]
Gold:   1448       SH:  0    Dex: 11    Spells: 13/13 levels left

rFire    + . .     SeeInvis .   d - +6 battleaxe
rCold    + . .     Gourm    .   (shield currently unavailable)
rNeg     . . .     Faith    .   F - +0 plate armour
rPois    .         Spirit   .   (helmet restricted)
rElec    .         Reflect  .   z - +0 cloak
rCorr    .         Harm     .   L - +0 pair of gloves
MR       +....                  P - +0 pair of boots
Stlth    ..........             E - amulet of regeneration
HPRegen  0.70/turn              w - ring of protection from cold
MPRegen  0.13/turn              H - +1 ring of slaying

@: lethally poisoned (-3 -> -41), berserk cooldown, very slightly contaminated,
slowed, very slow
A: retaliatory headbutt, claws 1, horns 2, fire resistance 1, frail 1, evolution
1
a: Berserk, Trog's Hand, Brothers in Arms, Renounce Religion


You were on level 1 of the Swamp.
You worshipped Trog.
Trog was extremely pleased with you.
You were hungry.

You visited 3 branches of the dungeon, and saw 18 of its levels.
You also visited: Sewer.

You collected 1448 gold pieces.

Inventory:

Hand Weapons
 a - a +0 hand axe
 d - a +6 battleaxe (weapon)
 m - a +0 battleaxe
 G - a +1 antimagic battleaxe
 N - a +3 antimagic executioner's axe
Armour
 b - a +0 animal skin
 i - a +1 chain mail
 k - a +0 helmet
 z - a +0 cloak (worn)
 F - a +0 plate armour (worn)
 L - a +0 pair of gloves (worn)
 P - a +0 pair of boots (worn)
Jewellery
 l - an uncursed ring of magical power
 w - a ring of protection from cold (left hand)
 x - an uncursed ring of resist corrosion
 y - an uncursed ring of positive energy
 A - an uncursed ring of positive energy
 E - an amulet of regeneration (around neck)
 H - a +1 ring of slaying (right hand)
 R - an uncursed ring of poison resistance {unknown}
Wands
 o - a wand of iceblast (28)
 s - a wand of flame (41)
 t - a wand of polymorph (18)
 u - a wand of enslavement (11)
Scrolls
 f - 4 scrolls of teleportation
 h - 5 scrolls of magic mapping
 j - 22 scrolls of identify
 p - 9 scrolls of remove curse
 q - 4 scrolls of fear
 B - a scroll of amnesia
 I - a scroll of immolation
 Q - a scroll of enchant weapon
 S - a scroll of fog
Potions
 e - 2 potions of degeneration
 g - 10 potions of curing
 n - a potion of berserk rage
 r - 5 potions of flight
 v - 2 potions of haste
 C - a potion of cancellation
 J - 2 potions of magic
 M - a potion of invisibility
 O - a potion of brilliance
Comestibles
 c - 34 rations
 V - 3 chunks of flesh


   Skills:
 + Level 15.5 Fighting
 * Level 20.6 Axes
 + Level 15.3 Armour
 - Level 2.1 Dodging


You had 13 spell levels left.
You didn't know any spells.

Dungeon Overview and Level Annotations

Branches:
Dungeon (10/15)            Temple (0/1) D:6            Lair (6/6) D:9
  Swamp (2/4) Lair:2        Snake (0/4) Lair:3        Slime (0/5) Lair:6
    Orc: D:9-12

Altars:
Fedhas
Gozag
Qazlal
Ru
Sif Muna
Trog
Wu Jian
Xom
Beogh

Shops:
D:5 !

Annotations:
Lair:6 1 runed door


Innate Abilities, Weirdness & Mutations

You reflexively headbutt those who attack you in melee.
You have a pair of horns on your head.
You have sharp fingernails.
Your flesh is heat resistant. (rF+)
You are frail. (-10% HP)
You evolve.


Message History

The alligator tail-slaps you but does no damage.
The spiny frog stings you but does no damage.
The spiny frog stings you.
You are lethally poisoned!
The spiny frog poisons you! The alligator bites you!
The alligator tail-slaps you.
* * * LOW HITPOINT WARNING * * *
Blink to where?
Press: ? - help, Dir - move target cursor You are very lightly contaminated with residual magic.
As you read the scroll of blinking, it crumbles to dust.
* * * LOW HITPOINT WARNING * * *
You feel extremely sick.
* * * LOW HITPOINT WARNING * * *
You feel extremely sick. The alligator bites you!
* * * LOW HITPOINT WARNING * * *
The alligator tail-slaps you but does no damage.
You climb upwards.
You die...

.≈≈≈.♣♣♣♣♣..♣♣♣.....#.#.#[#)♣.#♣♣
.≈≈≈..♣♣♣.(.♣♣.≈≈≈≈.#)#.#(#.#.♣..
≈≈≈≈≈≈......>≈.≈≈≈..#.#÷.†#.#.#..
≈≈≈≈≈≈.≈≈.≈≈≈..≈≈≈..♣.###♣#.♣.#..
≈≈≈≈≈.≈≈.≈≈≈.......≈#.......#.♣♣♣
..≈≈..♣♣≈...♣♣♣♣≈...#♣#♣#####.♣♣.
≈≈...≈♣♣.....♣♣♣....'.........#♣♣
≈≈....♣.≈..≈≈.♣..≈≈≈###♣♣####♣#♣♣
≈.....♣...≈≈≈♣♣.@≈≈≈≈≈.♣♣♣....♣♣.
♣....♣♣♣♣♣♣≈≈....≈≈≈......≈≈≈≈.≈≈
≈.♣♣♣♣ ♣♣..≈≈≈≈≈....≈.≈≈≈≈≈≈.♣
♣.♣ ♣.≈≈≈≈≈≈....♣.≈≈..≈≈.♣ ♣♣♣
♣♣≈.....≈≈...........♣
♣♣♣.....≈≈.....≈≈≈.≈♣
♣.≈≈≈....≈≈≈≈≈≈≈≈≈.♣♣
♣≈.≈≈.....≈≈≈.≈≈≈≈.♣
♣♣....≈≈...≈≈.≈...♣♣


There were no monsters in sight!

Vanquished Creatures
  Frances (Swamp:2)
  Kirke (Swamp:2)
  6 ghost crabs (Swamp:1)
  5 alligators
  Erica (D:8)
  A two-headed ogre (D:10)
  The ghost of motoroller71 the Blocker, a novice GnFi of Makhleb (D:8)
  4 death yaks (D:9)
  2 spriggans (Swamp:1)
  3 spriggan druids (Swamp:1)
  A shambling mangrove (Swamp:1)
  Pikel (D:6)
  4 apocalypse crabs (Swamp:1)
  6 black mambas
  16 elephants
  2 molten gargoyles (Lair:6)
  9 spiny frogs
  4 komodo dragons
  A rime drake (Lair:4)
  A polar bear (Lair:4)
  16 slime creatures
  Grinder (D:6)
  8 tyrant leeches
  5 hornets
  3 bog bodies
  33 blink frogs
  4 hippogriffs
  Sigmund (D:2)
  18 yaks
  A wraith (D:10)
  A human (D:9)
  2 wyverns (Lair:6)
  A basilisk (Lair:3)
  6 hogs
  15 vampire mosquitoes
  Menkaure (D:6)
  A steam dragon (Lair:6)
  7 swamp worms
  10 insubstantial wisps
  13 water moccasins
  8 porcupines
  4 sky beasts
  A black bear (D:7)
  5 hell hounds (Lair:6)
  3 orc warriors
  2 swamp drakes (Swamp:1)
  4 slaves (D:6)
  The ghost of YoungGLord the Covered, an amateur MiFi (D:3)
  An eye of draining (D:9)
  6 ogres
  2 phantoms
  12 crocodiles
  6 wolves (Lair:2)
  5 centaurs
  A big kobold (Sewer)
  9 bullfrogs
  A wyvern zombie (D:10)
  3 scorpions
  4 killer bees (D:10)
  3 vampire bats (Lair:5)
  5 wights
  An electric eel (Lair:6)
  5 crimson imps
  2 lava snakes (Lair:6)
  A quasit (D:5)
  A centaur zombie (D:10)
  4 orc priests
  Crazy Yiuf (D:6)
  2 hounds (D:5)
  4 jellies
  7 centaur skeletons
  2 bullfrog skeletons
  Ijyb (D:3)
  3 iguanas
  11 orc wizards
  3 worker ants
  5 hell rats (Lair:4)
  2 worker ant zombies
  2 howler monkey zombies
  Robin (D:2)
  25 adders
  12 gnolls
  5 river rats
  3 shadow imps
  An ooze (D:5)
  An adder skeleton (D:6)
  2 worms (D:5)
  3 dart slugs
  5 leopard geckos
  70 orcs
  6 bats (Lair:5)
  6 giant cockroaches
  13 goblins
  5 hobgoblins
  7 jackals
  5 kobolds
  6 quokkas
  A ball python (D:7)
  4 frilled lizards
  2 quokka zombies
  7 rats
  4 fungi
  4 plants
558 creatures vanquished.

Vanquished Creatures (collateral kills)
  5 hydras
  A death yak (D:9)
  A salamander (Lair:4)
  An elephant (Lair:3)
  A komodo dragon (Lair:3)
  A polar bear (Lair:4)
  3 hippogriffs
  5 yaks
  A swamp worm (Swamp:2)
  A water moccasin (Lair:3)
  A sky beast (D:9)
  A crocodile (Lair:4)
  2 fungi (Lair:4)
24 creatures vanquished.

Vanquished Creatures (others)
  A goblin (D:2)
  11 fungi (Lair:2)
  5 plants (Lair:2)
17 creatures vanquished.

Grand Total: 599 creatures vanquished

Notes
Turn   | Place    | Note
-------+----------+-------------------------------------------
     0 | D:1      | Kriby the Minotaur Berserker began the quest for the Orb.
     0 | D:1      | Reached XP level 1. HP: 19/19 MP: 0/0
   233 | D:1      | Reached skill level 4 in Axes
   236 | D:1      | Reached XP level 2. HP: 27/27 MP: 1/1
   495 | D:2      | Noticed Robin
   498 | D:2      | Reached XP level 3. HP: 28/33 MP: 2/2
   509 | D:2      | Killed Robin
   512 | D:2      | Reached ** piety under Trog
   656 | D:2      | Noticed Sigmund
   667 | D:2      | Killed Sigmund
   667 | D:2      | Reached skill level 6 in Axes
   667 | D:2      | Reached XP level 4. HP: 31/41 MP: 3/3
   667 | D:2      | Reached XP level 5. HP: 35/47 MP: 4/4
   803 | D:3      | Noticed Ijyb
   818 | D:3      | Killed Ijyb
   818 | D:3      | Reached skill level 5 in Fighting
   890 | D:3      | Reached XP level 6. HP: 54/56 MP: 5/5
   940 | D:3      | Found a stormy altar of Qazlal.
  1092 | D:3      | Found a blossoming altar of Fedhas.
  1154 | D:3      | Noticed YoungGLord's ghost (amateur MiFi)
  1162 | D:3      | Killed YoungGLord's ghost
  1461 | D:3      | Reached skill level 7 in Axes
  1625 | D:4      | Reached *** piety under Trog
  1635 | D:4      | Reached skill level 5 in Armour
  1635 | D:4      | Reached XP level 7. HP: 12/62 MP: 6/6
  2291 | D:5      | Entered Level 5 of the Dungeon
  2332 | D:5      | Found Zulyuwin's Distillery.
  2338 | D:5      | Reached skill level 8 in Axes
  2721 | D:5      | Found a glowing drain.
  2738 | Sewer    | Entered a sewer
  2826 | Sewer    | Reached **** piety under Trog
  2849 | Sewer    | Found a white marble altar of Elyvilon.
  2960 | D:5      | Reached XP level 8. HP: 71/71 MP: 7/7
  3110 | D:5      | Reached skill level 9 in Axes
  3822 | D:6      | Found a deep blue altar of Sif Muna.
  4012 | D:6      | Noticed Menkaure
  4023 | D:6      | Killed Menkaure
  4023 | D:6      | Reached skill level 10 in Axes
  4069 | D:6      | Noticed Pikel
  4083 | D:6      | Killed Pikel
  4083 | D:6      | Reached XP level 9. HP: 67/81 MP: 8/8
  4164 | D:6      | Found a staircase to the Ecumenical Temple.
  4286 | D:6      | Noticed Grinder
  4286 | D:6      | Paralysed by Grinder for 5 turns
  4302 | D:6      | Killed Grinder
  4397 | D:6      | Reached skill level 11 in Axes
  4832 | D:6      | Found a runed door.
  4838 | D:6      | Noticed Crazy Yiuf
  4843 | D:6      | Killed Crazy Yiuf
  5184 | D:7      | Reached skill level 12 in Axes
  5490 | D:7      | Found a sacrificial altar of Ru.
  5495 | D:7      | Reached ***** piety under Trog
  5684 | D:7      | Reached XP level 10. HP: 91/91 MP: 9/9
  5909 | D:8      | Found a bloodstained altar of Trog.
  6168 | D:8      | Noticed Erica
  6181 | D:8      | Killed Erica
  6199 | D:8      | Reached skill level 13 in Axes
  6527 | D:8      | Received a gift from Trog
  6587 | D:8      | Found a shimmering altar of Xom.
  6684 | D:8      | Noticed motoroller71's ghost (novice GnFi)
  6703 | D:8      | Killed motoroller71's ghost
  6703 | D:8      | Reached skill level 10 in Fighting
  7270 | D:9      | Reached skill level 10 in Armour
  7444 | D:9      | Noticed a death yak
  7447 | D:9      | Noticed a death yak
  7448 | D:9      | Noticed a death yak
  7448 | D:9      | Found a staircase to the Lair.
  7448 | D:9      | Noticed a death yak
  7449 | D:9      | Noticed a death yak
  7455 | D:9      | Killed a death yak
  7457 | D:9      | Reached skill level 14 in Axes
  7459 | D:9      | Killed a death yak
  7459 | D:9      | Reached XP level 11. HP: 80/101 MP: 3/10
  7460 | D:9      | Killed a death yak
  7462 | D:9      | Killed a death yak
  7475 | D:9      | Killed a death yak
  7900 | D:9      | Found an ornate altar of the Wu Jian Council.
  8091 | D:9      | Reached skill level 15 in Axes
  8627 | D:9      | Found an opulent altar of Gozag.
  8753 | D:10     | Entered Level 10 of the Dungeon
  8784 | D:10     | Noticed a two-headed ogre
  8790 | D:10     | Killed a two-headed ogre
  9133 | D:10     | Found a roughly hewn altar of Beogh.
  9142 | D:10     | Received a gift from Trog
  9676 | Lair:1   | Entered Level 1 of the Lair of Beasts
 10259 | Lair:1   | Reached skill level 16 in Axes
 10259 | Lair:1   | Reached XP level 12. HP: 107/112 MP: 11/11
 11018 | Lair:2   | Noticed a seven-headed hydra
 11114 | Lair:2   | Paralysed by a hornet for 2 turns
 11400 | Lair:2   | Reached skill level 17 in Axes
 11575 | Lair:2   | Found a staircase to the Swamp.
 12061 | Lair:3   | Noticed a five-headed hydra
 12071 | Lair:3   | Killed a five-headed hydra
 12178 | Lair:3   | Found a staircase to the Snake Pit.
 12551 | Lair:3   | Reached XP level 13. HP: 106/122 MP: 12/12
 12556 | Lair:3   | Received a gift from Trog
 13510 | Lair:4   | Reached skill level 18 in Axes
 15058 | Lair:6   | Entered Level 6 of the Lair of Beasts
 15396 | Lair:6   | Reached skill level 19 in Axes
 15563 | Lair:6   | Found a staircase to the Slime Pits.
 15974 | Lair:6   | Found a large runed door.
 15974 | Lair:6   | Noticed a fire dragon
 15985 | Lair:6   | Found a large runed door.
 16185 | Swamp:1  | Entered Level 1 of the Swamp
 16538 | Swamp:1  | Found a runed door.
 16554 | Swamp:1  | Reached XP level 14. HP: 96/133 MP: 13/13
 17725 | Swamp:1  | Reached skill level 15 in Fighting
 17772 | Swamp:1  | Reached skill level 20 in Axes
 18036 | Swamp:1  | Identified the Collected Works on Venomous Stolen Souls
 18200 | Swamp:2  | Reached skill level 15 in Armour
 18249 | Swamp:2  | Noticed Frances
 18260 | Swamp:2  | Killed Frances
 18330 | Swamp:2  | Noticed Kirke
 18342 | Swamp:2  | Killed Kirke
 18382 | Swamp:2  | Gained mutation: You are frail. (-10% HP) [potion of mutation]
 18382 | Swamp:2  | Gained mutation: You have sharp fingernails. [potion of mutation]
 18382 | Swamp:2  | Gained mutation: You evolve. [potion of mutation]
 18382 | Swamp:2  | Gained mutation: Your flesh is heat resistant. (rF+) [potion of mutation]
 18496 | Swamp:2  | HP: 5/121 [alligator (17)]
 18497 | Swamp:1  | Succumbed to a spiny frog's poison

Vault maps used:
D:1:      mainiacjoe_arrival_reflecting_pool, nrook_uturn, kennysheep_crisscross
D:2:      kennysheep_the_goblin_king, nemelex_altar_shiori,
          overflow_temple_1_default, uniq_sigmund, uniq_robin, uniq_jessica
D:3:      grunt_temple_overflow_forces_of_nature, glass_columns_b, uniq_ijyb
D:4:      makhleb_altar_promises_db, first_ration
D:5:      serial_shops, nicolae_shop_waterfront, lightli_sewer_entry_pipes
D:6:      lemuel_blue_sif_altar, minmay_temple_entry_glass, uniq_menkaure,
          uniq_pikel, uniq_grinder, uniq_crazy_yiuf_cottage
D:7:      minmay_the_grid_plus, kennysheep_ying_yang,
          nicolae_ru_great_annihilating_truth
D:8:      bloody_trog, kennysheep_mini_moat, uniq_erica
D:9:      lemuel_doored_altar, kennysheep_mini, dpeg_lair_monsters,
          grunt_livestock
D:10:     special_room
Lair:1:   wad_woods_03, lemuel_fruit_fields
Lair:2:   minmay_lair_venomous_thicket, minmay_swamp_entry_worms
Lair:3:   minmay_snake_entry_six_corridors, serial_bayou_shore_b,
          infiniplex_staircase_pool
Lair:4:   grunt_megastairs_2, infiniplex_staircase_pool_2
Lair:5:   roderic_batcave
Lair:6:   cheibrodos_lair_end_hotspot, slime_dummy, serial_bayou_shore_a
Swamp:1:  gammafunk_mikee_crab_dinner, nicolae_swamp_dense_foliage
Swamp:2:  evilmike_swamp_ruin_house_1, uniq_frances, uniq_kirke
Sewer:    sewer_kobolds

Skill      XL: |  1  2  3  4  5  6  7  8  9 10 11 12 13 14 |
---------------+-------------------------------------------+-----
Axes           | 4 6 7 8 10 12 14 16 17 19 20 | 20.6
Fighting       | 4 5 6 8 9 10 12 13 14 15 | 15.5
Armour         | 3 4 5 6 7 8 10 11 13 14 15 | 15.3
Dodging        | |  2.1

Action                   |  1- 3 |  4- 6 |  7- 9 | 10-12 | 13-15 || total
-------------------------+-------+-------+-------+-------+-------++-------
Melee: Hand axe          |    55 |       |       |       |       ||    55
       Headbutt          |    10 |    16 |    41 |    90 |   106 ||   263
       Battleaxe         |       |    76 |   307 |   485 |   482 ||  1350
Invok: Berserk           |     1 |     2 |     3 |     8 |    15 ||    29
       Brothers in Arms  |       |       |       |     4 |    10 ||    14
       Trog's Hand       |       |       |       |       |     1 ||     1
  Use: Scroll            |       |       |     6 |     5 |     6 ||    17
       Potion            |       |       |     5 |     1 |     9 ||    15
 Stab: Paralysed         |       |       |     1 |       |       ||     1
       Distracted        |       |       |       |       |     1 ||     1
  Eat: Chunk             |       |     5 |    16 |    28 |    22 ||    71
       Ration            |       |       |       |     1 |     4 ||     5
Armor: Animal skin       |     3 |       |       |       |       ||     3
       Chain mail        |    29 |    55 |   190 |    10 |       ||   284
       Skin              |       |       |    21 |       |       ||    21
       Plate armour      |       |       |       |   278 |   297 ||   575
Dodge: Dodged            |    32 |    47 |   151 |   181 |   161 ||   572

Table legend:
 A = Spawn XP
 B = Non-spawn XP
 C = Spawn XP percentage of total XP
 D = Spawn monster count
 E = Non-spawn monster count
 F = Spawn count percentage of total count
 G = Total turns spent on level
                    A         B        C        D         E        F      G
               +---------+---------+-------+---------+---------+-------+---------
         Total |       0 |   94826 |   0.0 |       0 |     569 |   0.0 | 18497
               +---------+---------+-------+---------+---------+-------+---------
           D:1 |       0 |      19 |   0.0 |       0 |      10 |   0.0 |   387
           D:2 |       0 |     284 |   0.0 |       0 |      19 |   0.0 |   293
           D:3 |       0 |     326 |   0.0 |       0 |      26 |   0.0 |   844
           D:4 |       0 |     403 |   0.0 |       0 |      24 |   0.0 |   767
           D:5 |       0 |     876 |   0.0 |       0 |      38 |   0.0 |  1258
           D:6 |       0 |    1766 |   0.0 |       0 |      20 |   0.0 |  1235
           D:7 |       0 |    1784 |   0.0 |       0 |      30 |   0.0 |   929
           D:8 |       0 |    3038 |   0.0 |       0 |      18 |   0.0 |  1371
           D:9 |       0 |    8287 |   0.0 |       0 |      54 |   0.0 |  1547
          D:10 |       0 |    2951 |   0.0 |       0 |      47 |   0.0 |   890
        Lair:1 |       0 |    5220 |   0.0 |       0 |      26 |   0.0 |  1207
        Lair:2 |       0 |    6831 |   0.0 |       0 |      38 |   0.0 |  1208
        Lair:3 |       0 |    6825 |   0.0 |       0 |      35 |   0.0 |  1137
        Lair:4 |       0 |    7688 |   0.0 |       0 |      32 |   0.0 |  1065
        Lair:5 |       0 |    3239 |   0.0 |       0 |      22 |   0.0 |   944
        Lair:6 |       0 |    9650 |   0.0 |       0 |      32 |   0.0 |   948
       Swamp:1 |       0 |   24111 |   0.0 |       0 |      62 |   0.0 |  1969
       Swamp:2 |       0 |   11404 |   0.0 |       0 |      29 |   0.0 |   343
         Sewer |       0 |     124 |   0.0 |       0 |       7 |   0.0 |   155
               +---------+---------+-------+---------+---------+-------+---------
